AoeStats
← LionsFang41314

Arabia

509552894Analyzed
1v1 RM · 3d ago on Sep 27, 2026· 29m 1s· 2 players
Game mode
Random Map
Map size
Tiny (2 player)
Population
200
Speed
Normal
Resources
Standard
Victory
Conquest
Starting age
Dark Age
Ending age
Imperial Age
RankedLock teamsTeams togetherTeam positionsShared explorationLock speedFull tech treeHidden civsTurbo modeCheats
Victory
Defeat
🇨🇴 Huns · Colombia
699
+16
🇮🇩 Armenians · Indonesia
694
-16
MrIkanLelelelele
6:42 Loom
10:09 Feudal Age
10:46 Double-Bit Axe
11:46 Man-at-Arms
13:22 Long Swordsman
24:56 Castle Age
LionsFang41314
0:37 Loom
12:40 Feudal Age
13:25 Man-at-Arms
13:51 Arson
15:31 Forging
15:22 Scale Mail Armor
15:57 Gold Mining
28:25 Castle Age
Connection lost

Rejoining the realm…

Still unreachable

The connection could not be restored.

Session expired

The server has moved on; the page needs a fresh start.